 Dungeon Crawl Stone Soup version 0.31.0-9-g3a7656b989 (webtiles) character file.

Game seed: 2409097268720309550

28 qw the Shooter (level 2, 0/16 HPs)
             Began as a Deep Elf Hunter on Feb 2, 2024.
             Succumbed to an adder's poison
             ... on level 2 of the Dungeon.
             The game lasted 00:00:01 (581 turns).

qw the Shooter (Deep Elf Hunter)                     Turns: 581, Time: 00:00:02

Health: 0/16       AC:  3    Str:  8    XL:     2   Next: 96%
Magic:  4/4        EV: 12    Int: 13    God:
Gold:   35         SH:  0    Dex: 18    Spells: 1/1 levels left

rFire   . . .        a - +0 shortbow
rCold   . . .        (shield currently unavailable)
rNeg    . . .        c - +0 leather armour
rPois   .            (no helmet)
rElec   .            (no cloak)
rCorr   .            (no gloves)
SInv    .            (no boots)
Will    .....        (no amulet)
Stlth   ++           (no ring)
HPRegen 0.22/turn    (no ring)
MPRegen 0.09/turn

%: no passive effects
@: lethally poisoned (0 -> -2)
A: no striking features
a: no special abilities


You were on level 2 of the Dungeon.
You visited 1 branch of the dungeon, and saw 2 of its levels.

You collected 35 gold pieces.


   Skills:
 - Level 1.5 Fighting
 + Level 6.6 Ranged Weapons
 - Level 2.4 Dodging
 - Level 1.2 Stealth


You had one spell level left.
You didn't know any spells.
Your spell library was empty.

Inventory:

Hand Weapons
 a - a +0 shortbow (weapon)
Armour
 c - a +0 leather armour (worn)

Dungeon Overview and Level Annotations

Branches:
Dungeon (2/15)

Altars:

Shops:
D:1 :


Message History

An adder comes into view.
You shoot an arrow. The adder hisses angrily.
The arrow hits the rat.
You kill the rat!
You shoot an arrow. The arrow misses the adder.
You shoot an arrow. The arrow barely misses the adder.
The adder bites you.
You shoot an arrow. The arrow barely misses the adder.
The adder barely misses you. The adder closely misses you.
You shoot an arrow. The arrow misses the adder.
The adder bites you but does no damage.
You shoot an arrow.
The arrow hits the adder but does no damage.
The adder bites you but does no damage.
You hear a splashing noise.
You shoot an arrow.
The arrow hits the adder but does no damage.
The adder bites you.
You are poisoned.
The adder poisons you! The adder closely misses you.
You shoot an arrow. The arrow barely misses the adder.
You feel sick. The adder bites you.
You are more poisoned.
The adder poisons you!
You shoot an arrow. The arrow misses the adder.
You feel sick. The adder closely misses you. x2
You shoot an arrow. The arrow misses the adder.
You feel sick. The adder barely misses you.
You shoot an arrow. The arrow hits the adder.
The adder is heavily wounded.
You feel sick. The adder misses you. The adder barely misses you.
You shoot an arrow. The arrow misses the adder.
You feel sick. The adder bites you.
You shoot an arrow. The arrow closely misses the adder.
You feel sick. The adder bites you but does no damage.
The adder closely misses you.
You shoot an arrow. The arrow hits the adder.
You kill the adder!
You die...

..
.....###
.#
.......
.###.....
....... .
....% .$
...##.#
##.)$.7
#.@..7
#.#~77
#.. 7~~
#..7 P~~~
#.. ~~~~~
#.7 ~~~~~
#. P~~~
#. P7~~


There were no monsters in sight!

Vanquished Creatures
  An adder (D:2)
  2 dart slugs (D:1)
  2 bats (D:1)
  An endoplasm (D:1)
  A goblin (D:1)
  3 hobgoblins (D:1)
  4 kobolds
  A quokka (D:1)
  2 ball pythons (D:1)
  2 frilled lizards (D:1)
  5 rats
24 creatures vanquished.

Notes
Turn   | Place    | Note
-------+----------+-------------------------------------------
     0 | D:1      | qw the Deep Elf Hunter began the quest for the Orb.
     0 | D:1      | Reached XP level 1. HP: 12/12 MP: 3/3
     0 | D:1      | 0 ||| qw: Version: 0.3-a-155-g5e7d8dd
     0 | D:1      | 0 ||| qw: Game counter: 2675
     0 | D:1      | 0 ||| qw: Melee chars always use a shield: true
     0 | D:1      | 0 ||| qw: God list: Okawaru
     0 | D:1      | 0 ||| qw: Allow faded altars: false
     0 | D:1      | 0 ||| qw: Do Orc after clearing Dungeon:15 true
     0 | D:1      | 0 ||| qw: Do second Lair branch before Depths: true
     0 | D:1      | 0 ||| qw: Lair rune preference: random
     0 | D:1      | 0 ||| qw: Goals: Normal
     0 | D:1      | 0 ||| PLANNING D:1-11
    23 | D:1      | Found a faded altar of an unknown god.
   183 | D:1      | Reached skill level 6 in Ranged Weapons
   183 | D:1      | Reached XP level 2. HP: 16/16 MP: 4/4
   295 | D:1      | Found Kobrimm's Vocational Training.
   510 | D:1      | 510 ||| READING scroll labelled CAAJOS AREUSSE.
   511 | D:1      | 511 ||| READING scroll labelled PEWUUK ZUDGHONU.
   512 | D:1      | 512 ||| READING scroll labelled YQYZIEFYAL.
   541 | D:1      | 541 ||| READING scroll labelled CONNEW FYBAIFYMI.
   542 | D:1      | 542 ||| DROPPING scroll of butterflies.
   563 | D:2      | 563 ||| STAIRDANCE
   579 | D:2      | HP: 3/16 [adder (3)]
   581 | D:2      | Succumbed to an adder's poison

Levels and vault maps discovered:
D:1:      wander_arrival_lonely_grave, layout_basic, serial_forest,
          infiniplex_forest_clump_tiny, infiniplex_forest_lined_2,
          infiniplex_forest_straight_4, infiniplex_forest_diagonal,
          infiniplex_forest_clump_small, infiniplex_forest_straight_2,
          infiniplex_forest_end_2, basic_ecumenical_altar,
          reono_crystal_passage, chequers_mini_garden, nicolae_shop_vocational
D:2:      layout_rooms, serial_bayou, serial_bayou_lake_a, serial_bayou_pond_a,
          serial_bayou_lagoon_b, serial_bayou_pond_a, serial_bayou_shore_b,
          serial_bayou_shore_b, minmay_misc_feat_plants,
          chequers_serial_rivers_micro_d, kennysheep_cross_bottleneck,
          uniq_robin

Skill      XL: |  1 |
---------------+----+-----
Ranged Weapons | 6 |  6.6
Fighting       | |  1.5
Dodging        | |  2.4
Stealth        | |  1.2

Action                     || total
---------------------------++-------
   Fire: Shortbow          ||    67
    Use: Scroll            ||     4
 Armour: Leather armour    ||    12
  Dodge: Dodged            ||    20

Table legend:
 A = Non-vault XP
 B = Vault XP
 C = Vault XP percentage of total XP
 D = Non-vault monster count
 E = Vault monster count
 F = Vault count percentage of total count
                 A         B        C        D         E       F
            +---------+---------+-------+---------+---------+-------
      Total |      53 |       0 |   0.0 |      24 |       0 |   0.0
            +---------+---------+-------+---------+---------+-------
        D:1 |      38 |       0 |   0.0 |      21 |       0 |   0.0
        D:2 |      15 |       0 |   0.0 |       3 |       0 |   0.0
            +---------+---------+-------+---------+---------+-------
